Map: Curious Minds LE

Players

Doozi - Winner!

  • Race: Zerg Zerg
  • League: Silver
  • Spawn Location: 5:00

Darvaal

  • Race: Protoss Protoss
  • League: Silver
  • Spawn Location: 11:00

VOD

Have the link to the VOD?

Description

Time

  • Played on: April 3, 2022, 6:49 a.m.
  • Length: 13:41
Show
View Real Time Build Order
Export as new Build Order

Doozi Zerg - Winner!

Build Orders: Hatch First, Roach Hydra 

Get SALT Encoding   

  12  0:00  Drone  
  13  0:12  Overlord  
  13  0:17  Drone  
  14  0:30  Drone x2  
  14  0:34  Drone  
  17  0:54  Drone  
  17  0:55  Hatchery  
  17  0:58  Extractor  
  16  1:12  Spawning Pool  
  16  1:13  Drone  
  16  1:26  Drone x2  
  16  1:29  Drone  
  19  1:39  Drone  
  20  1:50  Overlord  
  20  2:01  Overlord  
  20  2:08  Overlord  
  20  2:11  Drone  
  20  2:14  Metabolic Boost  
  21  2:18  Drone  
  22  2:24  Drone  
  22  2:27  Queen  
  22  2:28  Queen  
  27  2:30  Drone  
  27  2:34  Drone  
  29  2:41  Drone  
  30  2:45  Drone  
  30  2:50  Drone  
  32  2:53  Drone  
  33  3:02  Drone  
  33  3:04  Drone  
  35  3:07  Hatchery  
  35  3:11  Drone  
  35  3:15  Drone  
  36  3:22  Drone  
  36  3:26  Drone  
  38  3:35  Extractor  
  38  3:37  Extractor  
  38  3:38  Drone x3  
  38  3:39  Queen x2  
  38  3:41  Drone x4  
  45  3:42  Drone  
  48  3:49  Roach Warren  
  48  3:53  Evolution Chamber  
  46  3:58  Drone  
  46  3:59  Drone  
  48  4:06  Drone x2  
  50  4:15  Drone  
  50  4:16  Drone  
  52  4:27  Drone x3  
  55  4:32  Zerg Missile Weapons Level 1  
  55  4:34  Lair  
  55  4:41  Roach x2, Extractor  
  55  4:43  Overlord x4  
  58  5:04  Evolution Chamber  
  57  5:08  Drone  
  57  5:09  Roach x11  
  80  5:19  Roach x3  
  86  5:31  Roach x2  
  86  5:34  Overlord x3  
  86  5:35  Overlord  
  90  5:52  Queen  
  92  5:58  Drone  
  92  5:59  Drone x8  
  92  6:01  Overlord x2  
  101  6:06  Glial Reconstitution  
  101  6:09  Zerg Ground Armor Level 1  
  101  6:16  Drone x4  
  105  6:30  Roach x6  
  117  6:33  Overlord  
  117  6:42  Drone  
  117  6:43  Drone x4  
  117  6:45  Extractor  
  121  6:47  Extractor  
  121  6:52  Hydralisk Den  
  119  6:56  Infestation Pit, Zerg Missile Weapons Level 2  
  119  7:00  Overseer  
  116  7:21  Grooved Spines  
  72  7:46  Hydralisk  
  72  7:47  Hydralisk x14  
  72  7:50  Overseer  
  102  8:22  Zergling x2  
  102  8:23  Zergling x18  
  112  8:33  Muscular Augments  
  112  8:44  Hatchery  
  112  8:47  Zergling x6  
  112  8:48  Zergling x14  
  121  8:50  Overlord x3  
  121  8:51  Overlord  
  121  9:16  Zergling x16  
  129  9:22  Hive  
  129  9:35  Zergling x2  
  129  9:36  Zergling x8  
  134  10:01  Roach  
  134  10:02  Roach x13  
  162  10:07  Overlord  
  161  10:34  Hydralisk x4  
  161  10:35  Hydralisk x10  
  189  10:48  Drone x3  
  192  10:50  Overlord x2  
  192  10:51  Overlord x3  
  191  11:17  Hydralisk  
  191  11:18  Hydralisk x3  
  176  11:44  Zergling x2  
  176  11:45  Zergling x34  
  176  11:46  Zergling x10  
  114  12:08  Zergling x2  
  114  12:09  Zergling x24  
  110  12:18  Hydralisk x6  
  122  12:23  Overseer  
  122  12:32  Overseer x2  
  90  13:08  Roach  
  90  13:09  Roach x23  
Show
View Real Time Build Order
Export as new Build Order

Darvaal Protoss 

Build Orders:  

Get SALT Encoding   

  12  0:14  Pylon  
  12  0:17  Probe (Chrono Boost)  
  13  0:23  Assimilator  
  13  0:27  Probe (Chrono Boost)  
  14  0:31  Probe (Chrono Boost)  
  15  0:49  Gateway  
  15  0:55  Forge  
  15  1:04  Pylon  
  15  1:07  Probe (Chrono Boost)  
  16  1:17  Probe (Chrono Boost)  
  17  1:19  Assimilator  
  17  1:22  Probe (Chrono Boost)  
  18  1:33  Probe  
  19  1:42  Cybernetics Core  
  19  1:45  Gateway  
  19  1:51  Zealot  
  21  2:00  Photon Cannon  
  21  2:04  Probe  
  22  2:13  Photon Cannon  
  22  2:18  Warp Gate  
  22  2:33  Probe (Chrono Boost)  
  23  2:43  Probe (Chrono Boost)  
  24  2:48  Probe (Chrono Boost), Shield Battery  
  25  3:01  Robotics Facility  
  25  3:04  Photon Cannon  
  25  3:27  Nexus  
  25  3:41  Pylon  
  25  3:50  Stargate  
  25  3:54  Stargate  
  25  4:02  Pylon  
  25  4:05  Probe  
  26  4:15  Zealot  
  29  4:17  Probe  
  29  4:19  Zealot  
  29  4:23  Observer  
  32  4:29  Probe  
  33  4:33  Protoss Ground Weapons Level 1  
  33  4:48  Twilight Council  
  33  4:54  Probe (Chrono Boost)  
  34  5:05  Probe x2 (Chrono Boost)  
  36  5:07  Assimilator  
  36  5:10  Probe (Chrono Boost)  
  36  5:12  Probe  
  38  5:21  Probe  
  39  5:24  Probe  
  39  5:27  Dark Shrine  
  40  5:35  Probe (Chrono Boost)  
  41  5:38  Probe (Chrono Boost)  
  42  5:45  Assimilator  
  42  5:47  Probe (Chrono Boost)  
  42  5:48  Probe (Chrono Boost)  
  44  5:53  Probe (Chrono Boost)  
  44  5:55  Probe (Chrono Boost)  
  46  5:58  Zealot x2  
  46  5:59  Probe  
  51  6:04  Probe  
  51  6:08  Void Ray (Chrono Boost)  
  51  6:10  Void Ray (Chrono Boost)  
  60  6:11  Probe  
  60  6:16  Probe  
  62  6:31  Pylon  
  62  6:34  Pylon  
  62  6:37  Pylon  
  62  7:14  Dark Templar x2  
  66  7:29  Fleet Beacon  
  66  7:52  Pylon  
  66  7:59  Shadow Stride  
  66  8:00  Pylon  
  66  8:04  Pylon  
  70  8:11  Charge, Void Ray x2  
  74  8:24  Protoss Air Weapons Level 1  
  74  8:25  Flux Vanes  
  74  8:32  Probe  
  75  8:44  Pylon  
  75  8:48  Stargate  
  75  8:54  Stargate  
  75  9:13  Zealot  
  75  9:14  Zealot  
  79  9:30  Protoss Ground Weapons Level 2  
  87  9:31  Void Ray x2  
  87  9:40  Gateway  
  87  9:41  Gateway  
  87  9:44  Gateway  
  87  9:45  Gateway x2  
  87  9:55  Observer  
  88  10:01  Zealot x2  
  92  10:07  Blink  
  92  10:11  Tempest  
  97  10:46  Carrier  
  103  10:50  Zealot  
  103  10:52  Zealot x2  
  109  11:04  Pylon  
  109  11:06  Pylon  
  109  11:09  Pylon  
  109  11:11  Pylon  
  109  11:13  Pylon  
  109  11:20  Shield Battery  
  109  11:22  Shield Battery  
  109  11:26  Shield Battery  
  85  11:44  Dark Templar  
  85  11:45  Dark Templar x3  
  85  11:46  Dark Templar x2  
  73  11:47  Dark Templar  
  50  12:27  Pylon  
  50  12:30  Pylon  
  50  12:44  Dark Templar x4  
  51  12:45  Dark Templar x2  
  44  13:21  Zealot  
  44  13:22  Zealot x4  
  44  13:23  Zealot  
Tags
 
Composition
Roach Hydra
Matchup
PvZ
Spawn Locations
Cross Positions
Add a new tag
Caveats
  • Supply blocks, unpowered buildings, or Contaminate may cause inaccurate times.
  • Supply counts are checked every 10 seconds.